 Dungeon Crawl Stone Soup version 0.22-a0-305-gd21a89c (webtiles) character file.

26731 xccam the Severer (level 13, -8/99 HPs)
             Began as a Formicid Fighter on Mar 31, 2018.
             Was the Champion of Cheibriados.
             Mangled by a slime creature (11 damage)
             ... on level 14 of the Dungeon.
             The game lasted 00:26:55 (11469 turns).

xccam the Severer (Formicid Fighter)               Turns: 11469, Time: 00:26:56

Health: -8/99      AC: 22    Str: 41    XL:     13   Next: 60%
Magic:  0/19       EV: 13    Int: 22    God:    Cheibriados [******]
Gold:   419        SH: 15    Dex: 24    Spells: 12/12 levels left

rFire    . . .     SeeInvis +   u - +0 battleaxe (venom)
rCold    . . .     Gourm    .   c - +0 shield
rNeg     . . .     Faith    .   F - +0 plate armour
rPois    +         Spirit   +   (helmet unavailable)
rElec    .         Reflect  .   E - +0 cloak {MR+}
rCorr    .         Harm     .   (no gloves)
MR       +++..                  i - +0 pair of boots
Stlth    ..........             h - amulet of guardian spirit
HPRegen  0.26/turn              C - +3 ring of protection
MPRegen  0.16/turn              l - ring of protection from magic

@: very slow
A: permanent stasis, dig shafts and tunnels, four strong arms, antennae 3, slimy
green scales 1, thin metallic scales 1, clumsy 1, sense surroundings 1, poison
resistance, MP-powered wands
a: Dig, Shaft Self, Bend Time, Temporal Distortion, Slouch, Step From Time,
Renounce Religion


You were on level 14 of the Dungeon.
You worshipped Cheibriados.
Cheibriados was exalted by your worship.
You were not hungry.

You visited 2 branches of the dungeon, and saw 15 of its levels.

You collected 699 gold pieces.
You spent 280 gold pieces at shops.

Inventory:

Hand Weapons
 u - a +0 battleaxe of venom (weapon)
Armour
 c - a +0 shield (worn)
 i - a +0 pair of boots (worn)
 E - a +0 cloak of magic resistance (worn)
 F - a +0 plate armour (worn)
 G - a +3 ring mail
Jewellery
 h - an amulet of guardian spirit (around neck)
 l - a ring of protection from magic (right hand)
 p - an uncursed amulet of magic regeneration
 y - an uncursed ring of flight
 C - a +3 ring of protection (left hand)
 L - a +3 ring of strength
Wands
 d - a wand of polymorph (6)
 s - a wand of flame (14)
 t - a wand of paralysis (19)
 H - a wand of iceblast (41)
Scrolls
 n - a scroll of enchant weapon
 o - 2 scrolls of immolation
 q - 2 scrolls of amnesia
 x - a scroll of enchant armour
 B - 2 scrolls of magic mapping
 J - a scroll of remove curse
Potions
 g - 4 potions of resistance
 k - 2 potions of brilliance
 m - 4 potions of agility
 r - a potion of magic
 z - 4 potions of curing
 A - a potion of cancellation
 I - 3 potions of mutation
Comestibles
 a - 5 chunks of flesh
 f - 24 rations


   Skills:
 - Level 8.5 Fighting
 + Level 15.9 Axes
 - Level 6.6 Armour
 - Level 5.8 Dodging
 - Level 9.1 Shields
 - Level 8.1 Invocations


You had 12 spell levels left.
You didn't know any spells.

Dungeon Overview and Level Annotations

Branches:
Dungeon (14/15)            Temple (1/1) D:7
   Lair: D:8-11         Orc: D:9-12      Vaults: D:13-14

Altars:
Ashenzari
Cheibriados
Dithmenos
Elyvilon
Fedhas
Gozag
Hepliaklqana
Kikubaaqudgha
Makhleb
Nemelex Xobeh
Okawaru
Qazlal
Ru
Sif Muna
Trog
Uskayaw
Vehumet
Wu Jian
Xom
Yredelemnul
Zin
The Shining One
Lugonu

Shops:
D:5 (   D:9 !


Innate Abilities, Weirdness & Mutations

You cannot be hasted, slowed, berserked, paralysed or teleported.
You can dig through walls and to a lower floor.
Your four strong arms can wield two-handed weapons with a shield.
You have a pair of large antennae on your head. (SInv)
You are partially covered in slimy green scales. (AC +2)
You are partially covered in thin metallic scales. (AC +2)
You are clumsy. (Dex -2)
You passively map a small area around you.
Your system is resistant to poisons. (rPois)
You expend magic power (3 MP) to strengthen your wands.


Message History

You hit the large slime creature.
The large slime creature is poisoned.
The crimson imp blinks!
You block the slime creature's attack.
Two slime creatures merge to form a very large slime creature.
You block the cyclops's attack.
You can feel time thicken for a moment.
You feel somewhat more hungry.
The large slime creature hits you but does no damage.
The slime creature closely misses you.
Two slime creatures merge to form a large slime creature.
Unknown command.
You don't have enough magic at the moment.
Unknown command.
You slash the very large slime creature!
The very large slime creature is moderately wounded.
You hit the large slime creature. You hit the cyclops.
The cyclops looks as sick as possible!
You slash the slime creature!
The slime creature is poisoned.
A large slime creature splits.
The very large slime creature hits you!!!
* * * LOW HITPOINT WARNING * * *
The slime creature hits you!
You die...

, #........# , *
#......[.#
#........# , , ,
,#.....†..# ,
#........# *
#.......<#########
,#.......(.........,
,
,#.........J.......
, #########J@.#####


#JJC# , * #JO.# #...# * #...# , {...§5 , ,, ...... ,, * ........ * * , ,
.........* You could see a very large slime creature, a large slime creature, 3
slime creatures, a two-headed ogre, a cyclops and a crimson imp.

Vanquished Creatures
  Snorg (D:10)
  A centaur warrior (D:10)
  Erica (D:10)
  The ghost of Uhlv the Basher, a novice MiBe of Trog (D:9)
  2 death yaks (D:10)
  5 two-headed ogres
  3 skeletal warriors (D:14)
  An orc knight (D:13)
  3 cyclopes
  A manticore (D:12)
  A centaur zombie (D:13)
  The ghost of Episciencis the Chopper, a novice HOFi of Beogh (D:4)
  Maurice (D:12)
  4 gargoyles
  A tengu conjurer (D:9)
  A meliai (D:10)
  A troll (D:14)
  A wind drake (shapeshifter) (D:13)
  A polar bear (shapeshifter) (D:13)
  3 hippogriffs
  Sigmund (D:6)
  2 wyverns
  A wraith (D:10)
  11 yaks
  A shadow (D:14)
  2 vampire mosquitoes (D:14)
  A warg (D:13)
  A soldier ant (D:10)
  Duvessa (D:6)
  7 ice beasts
  4 sky beasts
  6 ogres
  11 orc warriors
  2 phantoms
  3 black bears
  2 necrophages
  2 eyes of draining
  5 centaurs
  A crocodile (D:9)
  7 big kobolds
  13 bullfrogs
  A wyvern skeleton (D:9)
  3 scorpions
  Dowan (D:6)
  31 killer bees
  8 howler monkeys
  5 wights (D:12)
  3 crimson imps
  A bullfrog zombie (D:8)
  7 hounds
  7 orc priests
  Crazy Yiuf (D:6)
  A gnoll shaman (D:6)
  4 jellies
  17 orc wizards
  3 bullfrog skeletons
  Jessica (D:2)
  A centaur skeleton (D:10)
  An iguana (D:8)
  14 worker ants
  A hound zombie (D:11)
  A hound skeleton (D:6)
  A worker ant zombie (D:7)
  18 adders
  13 gnolls
  A shadow imp (D:5)
  2 oozes
  An adder skeleton (D:4)
  A worm (D:4)
  2 dart slugs (D:1)
  11 leopard geckos
  64 orcs
  11 bats
  6 giant cockroaches
  7 goblins
  4 hobgoblins
  8 jackals
  4 quokkas
  4 ball pythons
  5 frilled lizards
  A giant cockroach zombie (D:5)
  A jackal skeleton (D:6)
  A jackal zombie (D:7)
  29 kobolds
  A leopard gecko skeleton (D:3)
  11 rats
437 creatures vanquished.

Vanquished Creatures (others)
  A scorpion (D:11)
1 creature vanquished.

Grand Total: 438 creatures vanquished

Notes
Turn   | Place    | Note
-------+----------+-------------------------------------------
     0 | D:1      | xccam the Formicid Fighter began the quest for the Orb.
     0 | D:1      | Reached XP level 1. HP: 18/18 MP: 1/1
   112 | D:1      | Reached XP level 2. HP: 20/24 MP: 2/2
   277 | D:1      | Reached skill level 3 in Axes
   374 | D:1      | Reached XP level 3. HP: 25/29 MP: 1/3
   636 | D:2      | Noticed Jessica
   639 | D:2      | Killed Jessica
   639 | D:2      | Reached skill level 4 in Axes
   639 | D:2      | Reached XP level 4. HP: 34/35 MP: 4/4
   737 | D:2      | Reached XP level 5. HP: 27/41 MP: 5/5
   884 | D:2      | Reached skill level 5 in Axes
  1079 | D:3      | Reached XP level 6. HP: 41/47 MP: 6/6
  1188 | D:3      | Reached skill level 6 in Axes
  1234 | D:3      | Found a sacrificial altar of Ru.
  1386 | D:3      | Found a sparkling altar of Nemelex Xobeh.
  1588 | D:4      | Found an ancient bone altar of Kikubaaqudgha.
  1609 | D:4      | Noticed Episciencis's ghost (novice HOFi)
  1623 | D:4      | Killed Episciencis's ghost
  1623 | D:4      | Reached skill level 8 in Axes
  1623 | D:4      | Reached XP level 7. HP: 11/52 MP: 1/7
  1994 | D:4      | Reached XP level 8. HP: 19/58 MP: 8/8
  2259 | D:4      | Found a hazy altar of Hepliaklqana.
  2335 | D:4      | Found a basalt altar of Yredelemnul.
  2484 | D:4      | Reached skill level 9 in Axes
  2641 | D:5      | Entered Level 5 of the Dungeon
  2909 | D:5      | Found Vyabeij's Weapon Shoppe.
  3354 | D:5      | Found a blossoming altar of Fedhas.
  3519 | D:5      | Found a shadowy altar of Dithmenos.
  3537 | D:5      | Reached skill level 10 in Axes
  3885 | D:6      | Reached skill level 5 in Shields
  3951 | D:6      | Noticed Sigmund
  3955 | D:6      | Reached XP level 9. HP: 63/64 MP: 7/9
  3975 | D:6      | Killed Sigmund
  4015 | D:6      | Found a white marble altar of Elyvilon.
  4043 | D:6      | Noticed Dowan
  4044 | D:6      | Noticed Duvessa
  4069 | D:6      | Killed Dowan
  4070 | D:6      | Killed Duvessa
  4405 | D:6      | Found a runed door.
  4436 | D:6      | Found an ornate altar of the Wu Jian Council.
  4472 | D:6      | Noticed Crazy Yiuf
  4477 | D:6      | Killed Crazy Yiuf
  4664 | D:6      | Found a shattered altar of Ashenzari.
  4862 | D:7      | Reached skill level 1 in Dodging
  4901 | D:7      | Found a staircase to the Ecumenical Temple.
  4909 | Temple   | Entered the Ecumenical Temple
  4924 | Temple   | Became a worshipper of Cheibriados the Contemplative
  5074 | D:7      | Found a blossoming altar of Fedhas.
  5179 | D:7      | Found a deep blue altar of Sif Muna.
  5394 | D:7      | Reached XP level 10. HP: 72/73 MP: 10/10
  5433 | D:8      | Reached * piety under Cheibriados
  5496 | D:8      | Reached skill level 5 in Fighting
  5653 | D:8      | Found a glowing silver altar of Zin.
  5653 | D:8      | Noticed a two-headed ogre
  5666 | D:8      | Killed a two-headed ogre
  5666 | D:8      | Reached skill level 5 in Armour
  5672 | D:8      | Reached ** piety under Cheibriados
  6211 | D:8      | Reached *** piety under Cheibriados
  6290 | D:8      | Reached skill level 1 in Invocations
  6654 | D:9      | Reached XP level 11. HP: 81/83 MP: 12/14
  6729 | D:9      | Reached **** piety under Cheibriados
  6729 | D:9      | Reached skill level 5 in Invocations
  6743 | D:9      | Noticed Uhlv's ghost (novice MiBe)
  6760 | D:9      | Killed Uhlv's ghost
  7175 | D:9      | Found a shadowy altar of Dithmenos.
  7175 | D:9      | Found a burning altar of Makhleb.
  7213 | D:9      | Found Fucu's Distillery.
  7214 | D:9      | Gained mutation: You passively map a small area around you. [potion of mutation]
  7214 | D:9      | Gained mutation: Your spells are a little easier to cast, but a little less powerful. [potion of mutation]
  7214 | D:9      | Gained mutation: Your magical capacity is low. (-10% MP) [potion of mutation]
  7214 | D:9      | Gained mutation: Your flesh is heat resistant. (rF+) [potion of mutation]
  7215 | D:9      | Lost mutation: Your flesh is heat resistant. (rF+) [potion of mutation]
  7215 | D:9      | Lost mutation: Your magical capacity is low. (-10% MP) [potion of mutation]
  7215 | D:9      | Lost mutation: Your spells are a little easier to cast, but a little less powerful. [potion of mutation]
  7215 | D:9      | Gained mutation: Your flesh is heat resistant. (rF+) [potion of mutation]
  7215 | D:9      | Gained mutation: You expend magic power (3 MP) to strengthen your wands. [potion of mutation]
  7215 | D:9      | Gained mutation: You are frail. (-10% HP) [potion of mutation]
  7215 | D:9      | Gained mutation: Your mind is acute. (Int +2) [potion of mutation]
  7216 | D:9      | Lost mutation: Your flesh is heat resistant. (rF+) [potion of mutation]
  7216 | D:9      | Lost mutation: You are frail. (-10% HP) [potion of mutation]
  7216 | D:9      | Lost mutation: Your mind is acute. (Int +2) [potion of mutation]
  7216 | D:9      | Gained mutation: Your system is resistant to poisons. (rPois) [potion of mutation]
  7216 | D:9      | Gained mutation: You are partially covered in thin metallic scales. (AC +2) [potion of mutation]
  7216 | D:9      | Gained mutation: You are clumsy. (Dex -2) [potion of mutation]
  7216 | D:9      | Gained mutation: You are partially covered in slimy green scales. (AC +2) [potion of mutation]
  7221 | D:9      | Bought a potion of heal wounds for 70 gold pieces
  7221 | D:9      | Bought a potion of curing for 42 gold pieces
  7221 | D:9      | Bought a potion of agility for 56 gold pieces
  7221 | D:9      | Bought a potion of mutation for 112 gold pieces
  7414 | D:10     | Entered Level 10 of the Dungeon
  7419 | D:10     | Reached skill level 11 in Axes
  7498 | D:10     | Noticed a centaur warrior
  7559 | D:10     | Reached ***** piety under Cheibriados
  7561 | D:10     | Noticed Snorg
  7584 | D:10     | Killed a centaur warrior
  7647 | D:10     | HP: 6/126 [Snorg (17)]
  7661 | D:10     | Killed Snorg
  7661 | D:10     | Reached skill level 5 in Dodging
  7824 | D:10     | Reached XP level 12. HP: 36/91 MP: 13/18
  8300 | D:10     | Reached skill level 12 in Axes
  8334 | D:10     | Noticed Erica
  8344 | D:10     | Killed Erica
  8610 | D:10     | Noticed a two-headed ogre
  8619 | D:10     | Killed a two-headed ogre
  8799 | D:10     | Noticed a tengu warrior
  8890 | D:11     | Noticed an eight-headed hydra
  8902 | D:11     | Noticed a death yak
  8903 | D:11     | Noticed a death yak
  8905 | D:11     | Noticed a death yak
  8915 | D:10     | Killed a death yak
  8918 | D:10     | Killed a death yak
  9319 | D:11     | Noticed a death yak
  9319 | D:11     | Noticed a death yak
  9321 | D:11     | Noticed a death yak
  9730 | D:11     | Reached skill level 13 in Axes
  9742 | D:11     | You fall through a shaft!
  9893 | D:12     | Reached ****** piety under Cheibriados
  9934 | D:12     | Noticed Maurice
  9949 | D:12     | Killed Maurice
 10266 | D:12     | Found a sacrificial altar of Ru.
 10302 | D:12     | Noticed a two-headed ogre
 10313 | D:12     | Killed a two-headed ogre
 10487 | D:12     | Reached skill level 14 in Axes
 10587 | D:13     | Reached XP level 13. HP: 99/99 MP: 12/19
 10988 | D:13     | Reached skill level 15 in Axes
 11375 | D:14     | Found an opulent altar of Gozag.
 11420 | D:14     | Noticed a vault guard
 11433 | D:14     | Noticed a vault guard
 11469 | D:14     | HP: 3/99 [very large slime creature (44)]
 11469 | D:14     | Mangled by a slime creature

Vault maps used:
D:1:      dpeg_arrival_lava_temple_mockup, st_stairs_4
D:2:      uniq_jessica
D:3:      nicolae_overflow_hidden_temple, lemuel_coloured_pillars_altar
D:4:      kennysheep_mini_moat, kiku_gazebo_garden_becter,
          kennysheep_little_box, first_ration
D:5:      fedhas_altar_4, serial_shops,
          nicolae_shop_temple_entry_statues_fountains,
          nicolae_dithmenos_through_a_glass_darkly
D:6:      lemuel_crystal_altar, marbit_many_paths, lemuel_crystal_altar,
          uniq_duvessa, uniq_sigmund, uniq_crazy_yiuf_cottage
D:7:      kennysheep_mini, minmay_temple_entry_water_ring, basic_altar
D:8:      lemuel_round_altar
D:9:      gammafunk_temple_overflow_wave, serial_shops, shop
D:10:     grunt_tengu_nest, grunt_tough_drop, uniq_snorg, uniq_erica
D:11:     dpeg_lair_monsters, minmay_orc_entry_temple_small,
          lemuel_flamethrower_1, uniq_erolcha
D:12:     basic_altar, uniq_maurice
D:14:     minmay_statue_hallways, grunt_vaults_entry_fortified,
          portal_ice_cave_entry_imps, nicolae_gozag_seed_capital, sword_in_stone
Temple:   corrupted_temple

Skill      XL: |  1  2  3  4  5  6  7  8  9 10 11 12 13 |
---------------+----------------------------------------+-----
Axes           | 3 4 5 8 10 11 14 15 | 15.9
Shields        | 5 9 |  9.1
Dodging        | 2 4 5 |  5.8
Fighting       | 4 6 7 8 |  8.5
Armour         | 4 5 6 |  6.6
Invocations    | 4 8 |  8.1

Action                   |  1- 3 |  4- 6 |  7- 9 | 10-12 | 13-15 || total
-------------------------+-------+-------+-------+-------+-------++-------
Melee: War axe           |    61 |   207 |   458 |   769 |    77 ||  1572
       Battleaxe         |       |       |       |       |   104 ||   104
Invok: Slouch            |       |       |       |     1 |     1 ||     2
 Abil: Dig               |       |     1 |       |       |       ||     1
  Use: Potion            |       |     1 |     2 |    21 |       ||    24
       Scroll            |       |       |     9 |    10 |     6 ||    25
 Stab: Distracted        |       |       |       |     1 |       ||     1
  Eat: Chunk             |       |     3 |     9 |     7 |     2 ||    21
       Ration            |       |       |     1 |     1 |       ||     2
Armor: Scale mail        |    37 |   107 |    69 |       |       ||   213
       Ring mail         |       |       |    25 |   173 |       ||   198
       Skin              |       |       |       |    73 |       ||    73
       Plate armour      |       |       |       |    23 |    52 ||    75
Dodge: Dodged            |    19 |    79 |   144 |   283 |    60 ||   585
Block: Shield            |    38 |   144 |   230 |   604 |   146 ||  1162

Table legend:
 A = Spawn XP
 B = Non-spawn XP
 C = Spawn XP percentage of total XP
 D = Spawn monster count
 E = Non-spawn monster count
 F = Spawn count percentage of total count
 G = Total turns spent on level
                    A         B        C        D         E        F      G
               +---------+---------+-------+---------+---------+-------+---------
         Total |       0 |   38188 |   0.0 |       0 |     437 |   0.0 | 11469
               +---------+---------+-------+---------+---------+-------+---------
           D:1 |       0 |      36 |   0.0 |       0 |      17 |   0.0 |   636
           D:2 |       0 |     223 |   0.0 |       0 |      35 |   0.0 |   439
           D:3 |       0 |      72 |   0.0 |       0 |      22 |   0.0 |   509
           D:4 |       0 |     947 |   0.0 |       0 |      25 |   0.0 |  1057
           D:5 |       0 |     631 |   0.0 |       0 |      23 |   0.0 |  1223
           D:6 |       0 |    1276 |   0.0 |       0 |      32 |   0.0 |   979
           D:7 |       0 |     735 |   0.0 |       0 |      23 |   0.0 |   555
           D:8 |       0 |    3535 |   0.0 |       0 |      68 |   0.0 |  1132
           D:9 |       0 |    3013 |   0.0 |       0 |      28 |   0.0 |   854
          D:10 |       0 |   10857 |   0.0 |       0 |      68 |   0.0 |  2114
          D:11 |       0 |     751 |   0.0 |       0 |      15 |   0.0 |   214
          D:12 |       0 |    4562 |   0.0 |       0 |      23 |   0.0 |   837
          D:13 |       0 |    6533 |   0.0 |       0 |      39 |   0.0 |   717
          D:14 |       0 |    5017 |   0.0 |       0 |      19 |   0.0 |   173
               +---------+---------+-------+---------+---------+-------+---------
